 Dungeon Crawl Stone Soup version 0.26.1-2-gb8aa6d0cf2 (webtiles) character file.

Game seed: 9837624633061474240

126 nightchill the Chopper (level 5, -4/45 HPs)
             Began as a Ghoul Gladiator on Mar 2, 2021.
             Killed by divine providence
             ... invoked by an orc priest
              (14 damage)
             ... on level 3 of the Dungeon.
             The game lasted 00:03:38 (2022 turns).

nightchill the Chopper (Ghoul Gladiator)            Turns: 2022, Time: 00:03:39

Health: -4/45      AC:  9    Str: 19    XL:     5   Next: 10%
Magic:  4/4        EV:  8    Int:  3    God:
Gold:   139        SH:  0    Dex: 10    Spells: 4/4 levels left

rFire    . . .     SeeInvis .   a - +0 war axe
rCold    + . .     Faith    .   (no shield)
rNeg     + + +     Spirit   .   g - +0 chain mail
rPois    ∞         Reflect  .   c - +0 helmet
rElec    .         Harm     .   (no cloak)
rCorr    .         Rampage  .   (no gloves)
Will     .....                  (no boots)
Stlth    ..........             (no amulet)
HPRegen  0.00/turn              (no ring)
MPRegen  0.09/turn              (no ring)

@: no status effects
A: claws 1, cold resistance 1, negative energy resistance 3, inhibited
regeneration, torment resistance, unbreathing
a: no special abilities


You were on level 3 of the Dungeon.
You visited 1 branch of the dungeon, and saw 3 of its levels.

You collected 139 gold pieces.

Inventory:

Hand Weapons
 a - a +0 war axe (weapon)
Missiles
 d - 3 throwing nets (quivered)
Armour
 b - a +0 leather armour
 c - a +0 helmet (worn)
 g - a +0 chain mail (worn)
Jewellery
 m - a cursed ring of attention {unknown}
Scrolls
 e - a scroll of enchant armour {unknown}
 h - a scroll of random uselessness {unknown}
 j - a scroll of fear {unknown}
 k - a scroll of teleportation {unknown}
 l - a scroll of noise {unknown}
 o - a scroll of amnesia {unknown}
 p - a scroll of fog {unknown}
Potions
 f - a potion of flight {unknown}
 i - a potion of mutation {unknown}
 n - a potion of curing {unknown}


   Skills:
 + Level 3.6 Fighting
 * Level 4.5 Axes
 - Level 1.7 Throwing
 - Level 2.6 Dodging


You had 4 spell levels left.
You didn't know any spells.
Your spell library was empty.

Dungeon Overview and Level Annotations

Branches:
Dungeon (3/15)

Altars:
Elyvilon
Gozag

Annotations:
D:2 Sigmund


Innate Abilities, Weirdness & Mutations

You thrive by killing the living.
You are immune to poison.
You have sharp fingernails.
Your flesh is cold resistant. (rC+)
You are immune to negative energy. (rN+++)
You do not regenerate when monsters are visible.
You are immune to unholy pain and torment.
You can survive without breathing.


Message History

Beogh smites you! The orc hits you but does no damage.
The orc priest invokes the aid of Beogh against you.
Beogh smites you!
You barely miss the orc priest. You closely miss the orc.
The orc barely misses you.
The orc priest hits you with a +0 short sword.
You hit the orc priest.
The orc priest is moderately wounded.
You hit the orc but do no damage. The orc hits you with a +0 flail.
The orc priest invokes the aid of Beogh against you.
Beogh smites you!
* * * LOW HITPOINT WARNING * * *
You hit the orc priest but do no damage.
The orc priest is moderately wounded.
You hit the orc.
You kill the orc!
You feel better.
The orc priest calls down the wrath of Beogh upon you.
Beogh smites you!
You die...

#..##.#..#........#
......#..#........#
#..##.#..#........#
#.................+
).................# #
.........#........# .#
#.##.....#........##..#.
...(.....'........>.....
..#......##.#.##@l......
..#...)..##.#.##o)##....
..#.#.#'###.#.##))......
.......)# #...##..##..#.
....#.#.# #.......# .#
....#.#.# #..###.## #
..).#.#.###.......
.#................
.#..#.#.###..##..#


You could see an orc priest and a frilled lizard.

Vanquished Creatures
  3 gnolls (D:3)
  6 adders
  An ooze (D:1)
  A dart slug (D:1)
  A leopard gecko (D:1)
  4 orcs (D:3)
  2 giant cockroaches
  3 goblins
  3 hobgoblins
  2 jackals (D:1)
  4 bats
  A frilled lizard (D:1)
  4 kobolds (D:1)
  4 rats
39 creatures vanquished.

Vanquished Creatures (others)
  2 plants (D:2)
2 creatures vanquished.

Grand Total: 41 creatures vanquished

Notes
Turn   | Place    | Note
-------+----------+-------------------------------------------
     0 | D:1      | nightchill the Ghoul Gladiator began the quest for the Orb.
     0 | D:1      | Reached XP level 1. HP: 17/17 MP: 0/0
   380 | D:1      | Reached skill level 3 in Axes
   624 | D:1      | Reached XP level 2. HP: 25/25 MP: 1/1
  1105 | D:1      | Reached XP level 3. HP: 30/30 MP: 2/2
  1420 | D:2      | Found a white marble altar of Elyvilon.
  1445 | D:2      | Found an opulent altar of Gozag.
  1448 | D:2      | Reached XP level 4. HP: 38/38 MP: 3/3
  1509 | D:2      | Reached skill level 4 in Axes
  1769 | D:2      | Noticed Sigmund
  2009 | D:3      | Reached XP level 5. HP: 39/45 MP: 4/4
  2022 | D:3      | Killed from afar by an orc priest

Illustrated notes

Levels and vault maps discovered:
D:1:      ebering_hopf_link, layout_loops_corners
D:2:      layout_basic, lemuel_crystal_altar, serial_forest,
          infiniplex_forest_lined_corner, infiniplex_forest_corner_1,
          infiniplex_forest_clump_cross, infiniplex_forest_lined_3,
          infiniplex_forest_clump_long, infiniplex_forest_straight_3,
          infiniplex_forest_clump_small, infiniplex_forest_lined_room_2,
          infiniplex_forest_lined_corner,
          nicolae_gozag_cash_rules_everything_around_me, uniq_sigmund
D:3:      minmay_wonky_spiral, layout_basic

Skill      XL: |  1  2  3  4 |
---------------+-------------+-----
Axes           | 3 4 |  4.5
Fighting       | 3 |  3.6
Throwing       | |  1.7
Dodging        | |  2.6

Action                   |  1- 3 |  4- 6 || total
-------------------------+-------+-------++-------
Melee: War axe           |    79 |    47 ||   126
Armor: Chain mail        |    57 |    33 ||    90
       Leather armour    |     4 |       ||     4
Dodge: Dodged            |    29 |    26 ||    55
